 Dungeon Crawl Stone Soup version 0.26.0-11-g8f856b5395 (webtiles) character file.

Game seed: 2684614663035404184

5888 hawla the Destroyer (level 10, -3/73 HPs)
             Began as a Yellow Draconian Conjurer on Jan 15, 2021.
             Was an Initiate of Gozag.
             Slain by a troll (7 damage)
             ... on level 9 of the Dungeon.
             The game lasted 00:36:05 (12377 turns).

hawla the Destroyer (Yellow Draconian Conjurer)    Turns: 12377, Time: 00:36:06

Health: -3/73      AC:  9    Str:  8 (10) XL:     10   Next: 52%
Magic:  0/23       EV: 12    Int: 21      God:    Gozag
Gold:   543        SH:  0    Dex: 10      Spells: 20/27 levels left

rFire    . . .     SeeInvis .   e - +4 trident "Gram" {freeze, rC+ Dex+2}
rCold    + . .     Faith    .   (no shield)
rNeg     . . .     Spirit   .   (armour unavailable)
rPois    .         Reflect  .   b - +0 hat
rElec    .         Harm     .   (no cloak)
rCorr    +         Rampage  .   (no gloves)
Will     .....     Clarity  +   g - +1 pair of boots
Stlth    ++........             (no amulet)
HPRegen  0.22/turn              (no ring)
MPRegen  0.18/turn              (no ring)

@: gold aura
A: spit acid, unfitting armour, clarity, clumsy 1, no potion heal 1,
cold-blooded, acid resistance, AC +7
a: Breathe Acid, Renounce Religion, Potion Petition, Call Merchant, Bribe Branch


You were on level 9 of the Dungeon.
You worshipped Gozag.
Gozag was pleased with you.
You visited 2 branches of the dungeon, and saw 12 of its levels.

You collected 952 gold pieces.
You spent 280 gold pieces at shops.
You paid 129 gold pieces to Gozag.

Inventory:

Hand Weapons
 e - the +4 trident "Gram" (weapon) {freeze, rC+ Dex+2}
   (You found it on level 7 of the Dungeon)

   It has been specially enchanted to freeze those struck by it, causing extra
   injury to most foes and up to half again as much damage against particularly
   susceptible opponents.
   It can also slow down cold-blooded creatures.
   It affects your dexterity (+2).
   It protects you from cold.
Missiles
 h - 16 poisoned darts
 l - 8 boomerangs
Armour
 b - a +0 hat (worn)
 g - a +1 pair of boots (worn)
Magical Staves
 o - an uncursed staff of air
Wands
 i - a wand of random effects (21)
 j - a wand of acid (4)
 q - a wand of digging (9)
 t - a wand of paralysis (8)
 v - a wand of flame (18)
 w - a wand of iceblast (4)
Scrolls
 a - a scroll of fog
 f - a scroll of remove curse
 p - 2 scrolls of magic mapping
Potions
 c - 2 potions of might
 d - a potion of mutation
 m - 2 potions of flight
 n - 2 potions of magic
 s - a potion of degeneration
 u - a potion of attraction
Miscellaneous
 k - a phantom mirror


   Skills:
 - Level 2.0 Fighting
 - Level 2.0 Dodging
 - Level 2.0 Stealth
 + Level 9.2 Spellcasting
 + Level 9.5 Conjurations
 + Level 8.5 Translocations
 - Level 2.0 Evocations


You had 20 spell levels left.
You knew the following spells:

 Your Spells              Type           Power        Failure   Level
a - Magic Dart            Conj           100%         1%          1
b - Searing Ray           Conj           98%          1%          2
c - Iskenderun's Mystic   Conj/Tloc      47%          1%          4

Your spell library contained the following spells:

 Spells                   Type           Power        Failure   Level
 Gell's Gravitas          Tloc           22%          1%          3
 Dazzling Flash           Conj/Hex       58%          3%          3
 Beastly Appendage        Tmut           18%          7%          1
 Fulminant Prism          Conj/Hex       14%          10%         4
 Wereblood                Tmut           9%           11%         2
 Confusing Touch          Hex            9%           22%         3
 Spider Form              Tmut/Pois      4%           22%         3
 Ice Form                 Ice/Tmut       9%           56%         4
 Petrify                  Tmut/Erth      9%           56%         4
 Blade Hands              Tmut           4%           89%         5
 Metabolic Englaciation   Hex/Ice        4%           89%         5
 Yara's Violent Unravell  Hex/Tmut       4%           89%         5


Dungeon Overview and Level Annotations

Branches:
Dungeon (11/15)            Temple (1/1) D:7
   Lair: D:8-11         Orc: D:9-12

Altars:
Ashenzari
Cheibriados
Dithmenos
Elyvilon
Fedhas
Gozag
Hepliaklqana
Kikubaaqudgha
Makhleb
Nemelex Xobeh
Okawaru
Qazlal
Ru
Sif Muna
Trog
Uskayaw
Vehumet
Wu Jian
Xom
Yredelemnul
Zin
The Shining One

Shops:
D:4 }

Annotations:
D:11 Snorg


Innate Abilities, Weirdness & Mutations

You can spit globs of acid.
Your golden yellow scales are hard. (AC +7)
You cannot fit into any form of body armour.
You are cold-blooded and may be slowed by cold attacks.
You are resistant to acid. (rCorr)
You possess an exceptional clarity of mind.
You are clumsy. (Dex -2)
Potions are less effective at restoring your health.


Message History

The troll barely misses you.
Casting: Iskenderun's Mystic Blast (dangerous; 1% risk of failure)
Confirm with . or Enter, or press ? or * to list all spells.
Aiming: Searing Ray (safe; 1% risk of failure)
Press: ? - help, Shift-Dir - straight line, f - troll
Aim: a troll (17% to evade)
The searing ray hits the troll!
The troll is moderately wounded. (Press . to maintain the ray.)
The troll closely misses you. x2; The troll claws you.
* * * LOW HITPOINT WARNING * * *
The searing ray hits the troll!
The troll is heavily wounded.
The troll bites you but does no damage. The troll misses you.
The troll barely misses you.
You puncture the troll! You freeze the troll.
Your tail-slap misses the troll.
The troll is heavily wounded.
The troll misses you. The troll claws you!
You die...
Your body crumbles into a pile of gold.

#........ .
#....... ..
#...... ...
#..... ....
#....
.....#...#######
................
.......T@.......
................
................
################


You could see a troll.

Vanquished Creatures
  3 two-headed ogres (D:10)
  An unseen horror (D:10)
  A wraith (D:10)
  A yak (D:10)
  A warg (D:11)
  2 water moccasins
  2 orc warriors
  A necrophage (D:10)
  2 sky beasts
  A black bear (D:10)
  3 phantoms (D:7)
  2 ogres
  2 centaurs
  4 bullfrogs
  2 scorpions
  A killer bee (D:10)
  5 wights (D:6)
  A jelly (D:8)
  A quasit (D:6)
  6 orc wizards
  A bullfrog skeleton (D:8)
  2 hounds
  6 orc priests
  2 iguanas
  6 worker ants
  A killer bee zombie (D:8)
  2 hound zombies
  3 hound skeletons
  2 worker ant zombies
  6 gnolls
  9 adders
  A shadow imp (D:10)
  A white imp (D:7)
  2 ufetubi
  An ooze (D:4)
  An adder skeleton (D:4)
  A worm (D:2)
  4 dart slugs
  6 leopard geckos
  25 orcs
  9 giant cockroaches
  11 hobgoblins
  14 jackals
  4 quokkas
  A ball python (D:1)
  6 bats
  7 frilled lizards
  13 goblins
  8 kobolds
  2 quokka skeletons
  7 rats
206 creatures vanquished.

Vanquished Creatures (others)
  A centaur (D:7)
  A howler monkey (D:7)
  An orc wizard (D:7)
  2 adders (D:7)
  An ufetubus (D:7)
  A giant cockroach (D:7)
7 creatures vanquished.

Grand Total: 213 creatures vanquished

Notes
Turn   | Place    | Note
-------+----------+-------------------------------------------
     0 | D:1      | hawla the Draconian Conjurer began the quest for the Orb.
     0 | D:1      | Reached XP level 1. HP: 14/14 MP: 3/3
   482 | D:1      | Reached XP level 2. HP: 22/22 MP: 1/5
   485 | D:1      | Learned a level 2 spell: Searing Ray
   571 | D:1      | Reached skill level 1 in Fighting
  1238 | D:2      | Reached XP level 3. HP: 28/28 MP: 1/7
  1895 | D:2      | You fall into a shaft and drop 2 floors!
  1900 | D:4      | Found Optynlaitud's Gadget Shop.
  1964 | D:3      | Reached XP level 4. HP: 14/35 MP: 6/10
  2243 | D:3      | Learned a level 4 spell: Iskenderun's Mystic Blast
  2349 | D:3      | Reached XP level 5. HP: 40/40 MP: 4/11
  3127 | D:3      | Reached skill level 1 in Translocations
  4196 | D:4      | Reached XP level 6. HP: 47/47 MP: 6/13
  4377 | D:4      | Reached skill level 5 in Spellcasting
  4741 | D:4      | Reached skill level 5 in Conjurations
  5381 | D:5      | Entered Level 5 of the Dungeon
  5651 | D:5      | Your scales start taking on a golden yellow colour.
  5651 | D:5      | Reached XP level 7. HP: 52/52 MP: 1/15
  5651 | D:5      | Gained mutation: You are resistant to acid. (rCorr) [Yellow
                  | Draconian growth]
  7102 | D:6      | Reached XP level 8. HP: 38/58 MP: 1/17
  7720 | D:6      | Reached skill level 5 in Translocations
  8064 | D:7      | Gained mutation: Potions are less effective at restoring
                  | your health. [potion of mutation]
  8064 | D:7      | Gained mutation: You are clumsy. (Dex -2) [potion of
                  | mutation]
  8064 | D:7      | Gained mutation: You possess an exceptional clarity of
                  | mind. [potion of mutation]
  8171 | D:7      | Found an iron altar of Okawaru.
  8231 | D:7      | Got an ivory trident
  8232 | D:7      | Identified the +4 trident "Gram" {freeze, rC+ Dex+2} (You
                  | found it on level 7 of the Dungeon)
  8273 | D:7      | Found a shimmering altar of Xom.
  8385 | D:7      | Found a staircase to the Ecumenical Temple.
  8403 | Temple   | Entered the Ecumenical Temple
  8739 | Temple   | Became a worshipper of Gozag Ym Sagoz the Greedy
  9536 | D:4      | Bought a wand of paralysis (7) for 126 gold pieces
  9536 | D:4      | Bought a wand of paralysis (1) for 42 gold pieces
  9536 | D:4      | Bought a wand of iceblast (4) for 112 gold pieces
  9850 | D:8      | Reached skill level 1 in Evocations
  9850 | D:8      | Reached XP level 9. HP: 67/67 MP: 13/19
 10077 | D:8      | You fall into a shaft and drop 3 floors!
 10347 | D:11     | Noticed Snorg
 10691 | D:10     | Entered Level 10 of the Dungeon
 10709 | D:10     | Noticed a two-headed ogre
 10718 | D:10     | Killed a two-headed ogre
 11024 | D:10     | Noticed a two-headed ogre
 11139 | D:10     | Killed a two-headed ogre
 11140 | D:10     | Reached XP level 10. HP: 32/73 MP: 10/22
 11319 | D:10     | Killed an unseen horror
 11805 | D:10     | Noticed a two-headed ogre
 11817 | D:10     | Killed a two-headed ogre
 12345 | D:10     | Noticed a boulder beetle
 12351 | D:10     | Noticed a gargoyle
 12358 | D:10     | Noticed a death knight
 12374 | D:9      | HP: 3/73 [troll (3)]
 12377 | D:9      | Slain by a troll

Illustrated notes

Levels and vault maps discovered:
D:1:      minmay_arrival_cross, layout_basic, st_stairs_1
D:2:      cheibrodos_greedy_goblins, layout_rooms, minmay_misc_feat_rows
D:3:      layout_basic, minmay_hedge_maze
D:4:      layout_basic, serial_shops, nicolae_shop_trees
D:5:      layout_loops_corners
D:6:      layout_loops_ring
D:7:      layout_cave_pods, okawaru_metal_pillars_3, temple_statues,
          hangedman_decor_opposing, xom_confusion_cloud
D:8:      layout_basic, serial_shops, nicolae_shop_behind_doors
D:9:      layout_grid_maze, hiddenorc1_lemuel,
          nicolae_dithmenos_through_a_glass_darkly
D:10:     hangedman_cross_cluster, layout_basic, uniq_erolcha
D:11:     layout_irregular_city, erik_lair_orcish_takeover,
          chequers_serial_rivers_micro_c, uniq_psyche, uniq_snorg
Temple:   compressed_dpeg_triangle_lava_temple

Skill      XL: |  1  2  3  4  5  6  7  8  9 10 |
---------------+-------------------------------+-----
Dodging        | 2 |  2.0
Stealth        | 2 |  2.0
Fighting       | 1 2 |  2.0
Spellcasting   | 4 5 6 7 8 9 |  9.2
Translocations | 1 2 4 5 7 8 |  8.5
Conjurations   | 5 6 7 8 9 |  9.5
Evocations     | 1 2 |  2.0

Action                   |  1- 3 |  4- 6 |  7- 9 | 10-12 || total
-------------------------+-------+-------+-------+-------++-------
Melee: Unarmed           |    12 |       |       |       ||    12
       Tailslap          |     1 |     7 |     4 |       ||    12
       Falchion          |     4 |    46 |       |       ||    50
       Whip              |       |     2 |    15 |       ||    17
       Trident           |       |       |    17 |    17 ||    34
 Cast: Magic Dart        |    50 |    70 |    87 |    32 ||   239
       Searing Ray       |    16 |    35 |    59 |    16 ||   126
       Iskenderun's Myst |       |     1 |     5 |    16 ||    22
 Abil: Breathe Acid      |       |       |     1 |       ||     1
  Use: Scroll            |     5 |     5 |    10 |     3 ||    23
       Potion            |       |     2 |     2 |     7 ||    11
Armor: Skin              |    10 |     8 |    35 |    31 ||    84
Dodge: Dodged            |    23 |    42 |    72 |    39 ||   176
       Rpst.: Falchion   |       |    15 |       |       ||    15
